PBL
LONDON MAJORS @ SOUTHERN MARYLAND BLUE CRABS
08/04/2048
 
TOP OF THE 1ST
London Majors batting - Pitching for Southern Maryland Blue Crabs : RHP Yuji Higashi
Pitching: RHP Yuji Higashi
Batting: SHB Steve Ramsey 0-0: Ground out 6-3 (Groundball, P, EV 86.9 MPH)
Batting: LHB Jessie Stewart 0-0: SOLO HOME RUN (Flyball, 9LD, EV 91.9 MPH), Distance : 350 ft
Batting: SHB Toby Patenaude 0-0: Ball
1-0: Ball
2-0: Called Strike
2-1: Ball
3-1: Foul Ball, location: 2F
3-2: Foul Ball, location: 2F
3-2: Foul Ball, location: 2F
3-2: Ground out 6-3 (Groundball, 6S, EV 77.5 MPH)
Batting: RHB Cedric Nicholls 0-0: Called Strike
0-1: Ball
1-1: Ball
2-1: Ball
3-1: Called Strike
3-2: Ground out U3 (Groundball, 3S, EV 76.2 MPH)
Top of the 1st over - 1 run, 1 hit, 0 errors, 0 left on base; London 1 - Southern Maryland 0
BOTTOM OF THE 1ST
Southern Maryland Blue Crabs batting - Pitching for London Majors : LHP Zhu Chai
Pitching: LHP Zhu Chai
Batting: RHB Eddie Morin 0-0: Ball
1-0: Swinging Strike
1-1: Ball
2-1: Foul Ball, location: 2F
2-2: Strikes out swinging
Batting: RHB Pedro Luera 0-0: Called Strike
0-1: Foul Ball, location: 2F
0-2: Strikes out looking
Batting: LHB Sam Hontz 0-0: Ball
1-0: Ball
2-0: Foul Ball, location: 2F
2-1: Foul Ball, location: 2F
2-2: Fly out, F4 (Popup, 34S, EV 85.6 MPH)
Bottom of the 1st over - 0 runs, 0 hits, 0 errors, 0 left on base; London 1 - Southern Maryland 0
TOP OF THE 2ND
London Majors batting - Pitching for Southern Maryland Blue Crabs : RHP Yuji Higashi
Batting: RHB Cormackle Poohdatoot 0-0: Ball
1-0: Swinging Strike
1-1: Called Strike
1-2: Ball
2-2: Strikes out swinging
Batting: RHB Tom Bergman 0-0: Ball
1-0: Called Strike
1-1: Foul Ball, location: 2F
1-2: SOLO HOME RUN (Flyball, 7D, EV 102.5 MPH), Distance : 410 ft
Batting: RHB Lewis O'Connell 0-0: Ball
1-0: Called Strike
1-1: Swinging Strike
1-2: Ball
2-2: Foul Ball, location: 2F
2-2: Strikes out swinging
Batting: RHB Frank Pinksen 0-0: Ball
1-0: Fly out, F8 (Flyball, 89M, EV 96.2 MPH)
Top of the 2nd over - 1 run, 1 hit, 0 errors, 0 left on base; London 2 - Southern Maryland 0
BOTTOM OF THE 2ND
Southern Maryland Blue Crabs batting - Pitching for London Majors : LHP Zhu Chai
Batting: RHB Josh Ludwig 0-0: Ball
1-0: Ball
2-0: Called Strike
2-1: Swinging Strike
2-2: Foul Ball, location: 2F
2-2: Strikes out swinging
Batting: SHB John Hiles 0-0: Ball
1-0: Ball
2-0: Called Strike
2-1: Swinging Strike
2-2: Strikes out looking
Batting: RHB Oscar Chapa 0-0: Ball
1-0: Foul Ball, location: 2F
1-1: Ball
2-1: Ball
3-1: Base on Balls
Batting: LHB Taylor Plummer 0-0: Ball
1-0: Swinging Strike
1-1: Ball
2-1: Ball
3-1: Foul Ball, location: 2F
3-2: Foul Ball, location: 2F
3-2: Strikes out swinging
Bottom of the 2nd over - 0 runs, 0 hits, 0 errors, 1 left on base; London 2 - Southern Maryland 0
TOP OF THE 3RD
London Majors batting - Pitching for Southern Maryland Blue Crabs : RHP Yuji Higashi
Batting: RHB Jerry Perez 0-0: Ball
1-0: SINGLE (Groundball, 6MD, EV 95.0 MPH)
Batting: SHB Steve Ramsey 0-0: Ball
1-0: Foul Ball, location: 2F
1-1: Foul Ball, location: 2F
1-2: Strikes out looking
Batting: LHB Jessie Stewart 0-0: Called Strike
0-1: Ball
1-1: Ball
2-1: Foul Ball, location: 2F
2-2: Fly out, F1 (Line Drive, P, EV 63.1 MPH)
Lined into DP, 1-3 (Line Drive, P, EV 55.0 MPH)
Top of the 3rd over - 0 runs, 1 hit, 0 errors, 0 left on base; London 2 - Southern Maryland 0
BOTTOM OF THE 3RD
Southern Maryland Blue Crabs batting - Pitching for London Majors : LHP Zhu Chai
Batting: RHB Mike King 0-0: Ball
1-0: Swinging Strike
1-1: Swinging Strike
1-2: Foul Ball, location: 2F
1-2: Ball
2-2: Foul Ball, location: 2F
2-2: Strikes out swinging
Batting: RHB Tyler Cohen 0-0: Called Strike
0-1: Ball
1-1: Foul Ball, location: 2F
1-2: Ball
2-2: Ground out 6-3 (Groundball, 6, EV 83.1 MPH)
Batting: RHB Eddie Morin 0-0: Ground out 5-3 (Groundball, 56, EV 87.5 MPH)
Bottom of the 3rd over - 0 runs, 0 hits, 0 errors, 0 left on base; London 2 - Southern Maryland 0
TOP OF THE 4TH
London Majors batting - Pitching for Southern Maryland Blue Crabs : RHP Yuji Higashi
Batting: SHB Toby Patenaude 0-0: Called Strike
0-1: Foul Ball, location: 2F
0-2: Ball
1-2: Ball
2-2: Foul Ball, location: 2F
2-2: Strikes out swinging, 2-3 out at first.
Batting: RHB Cedric Nicholls 0-0: Ball
1-0: Foul Ball, location: 2F
1-1: Foul Ball, location: 2F
1-2: Foul Ball, location: 2F
1-2: Fly out, F8 (Flyball, 78D, EV 79.4 MPH)
Batting: RHB Cormackle Poohdatoot 0-0: Ball
1-0: Ground out 5-3 (Groundball, 56S, EV 87.5 MPH)
Top of the 4th over - 0 runs, 0 hits, 0 errors, 0 left on base; London 2 - Southern Maryland 0
BOTTOM OF THE 4TH
Southern Maryland Blue Crabs batting - Pitching for London Majors : LHP Zhu Chai
Batting: RHB Pedro Luera 0-0: Ball
1-0: Foul Ball, location: 2F
1-1: Ball
2-1: Ground out 4-3 (Groundball, 4, EV 90.0 MPH)
Batting: LHB Sam Hontz 0-0: Ball
1-0: Called Strike
1-1: Ground out U3 (Groundball, 34, EV 103.1 MPH)
Batting: RHB Josh Ludwig 0-0: Ball
1-0: Swinging Strike
1-1: Called Strike
1-2: Foul Ball, location: 2F
1-2: Ball
2-2: Foul Ball, location: 2F
2-2: Strikes out swinging
Bottom of the 4th over - 0 runs, 0 hits, 0 errors, 0 left on base; London 2 - Southern Maryland 0
TOP OF THE 5TH
London Majors batting - Pitching for Southern Maryland Blue Crabs : RHP Yuji Higashi
Batting: RHB Tom Bergman 0-0: Called Strike
0-1: Ball
1-1: Ball
2-1: Foul Ball, location: 2F
2-2: Foul Ball, location: 2F
2-2: Foul Ball, location: 2F
2-2: Strikes out swinging
Batting: RHB Lewis O'Connell 0-0: Swinging Strike
0-1: Foul Ball, location: 2F
0-2: Strikes out swinging
Batting: RHB Frank Pinksen 0-0: SINGLE (Groundball, 6MS, EV 98.1 MPH)
Batting: RHB Jerry Perez 0-0: Ball
1-0: Foul Ball, location: 2F
1-1: Ball
2-1: Foul Ball, location: 2F
2-2: Strikes out looking
Top of the 5th over - 0 runs, 1 hit, 0 errors, 1 left on base; London 2 - Southern Maryland 0
BOTTOM OF THE 5TH
Southern Maryland Blue Crabs batting - Pitching for London Majors : LHP Zhu Chai
Batting: SHB John Hiles 0-0: Swinging Strike
0-1: Ball
1-1: DOUBLE (Flyball, 8LD, EV 93.1 MPH)
Batting: RHB Oscar Chapa 0-0: Ball
1-0: Called Strike
1-1: DOUBLE (Line Drive, 78D, EV 105.0 MPH)
John Hiles scores
Batting: LHB Taylor Plummer 0-0: Called Strike
0-1: Ball
1-1: Ball
2-1: Foul Ball, location: 2F
2-2: Ball
3-2: Foul Ball, location: 2F
3-2: SINGLE (Line Drive, 6D, EV 96.2 MPH)
Oscar Chapa to third
Runner from 3rd tries for Home, throw by CF and OUT! 8-2
Batting: RHB Mike King 0-0: Foul Ball, location: 2F
0-1: Ball
1-1: Foul Ball, location: 2F
1-2: Strikes out swinging
Batting: RHB Tyler Cohen 0-0: Fielders Choice at 2nd, 5-4 (Groundball, 56, EV 77.5 MPH)
Bottom of the 5th over - 1 run, 3 hits, 0 errors, 1 left on base; London 2 - Southern Maryland 1
TOP OF THE 6TH
London Majors batting - Pitching for Southern Maryland Blue Crabs : RHP Yuji Higashi
Batting: SHB Steve Ramsey 0-0: SINGLE (Groundball, 34D, EV 101.2 MPH)
Batting: LHB Jessie Stewart 0-0: Ball
1-0: Ball
2-0: Ball
3-0: Called Strike
3-1: Foul Ball, location: 2F
3-2: Ground out 4-3 (Groundball, 34S, EV 85.0 MPH)
Steve Ramsey to second
Batting: SHB Toby Patenaude 0-0: Intentional Walk
Batting: RHB Cedric Nicholls 0-0: Fly out, F8 (Flyball, 8RS, EV 93.1 MPH)
Batting: RHB Cormackle Poohdatoot 0-0: Ball
1-0: SINGLE (Groundball, 6MD, EV 107.5 MPH)
Steve Ramsey to third
Toby Patenaude to second
Runner from 3rd tries for Home, SAFE, throw by CF to home
Pitching: RHP Lorenz Sponneck
Now in LF: Stu Proulx
Now in CF: Taylor Plummer
Batting: RHB Tom Bergman 0-0: Ball
1-0: Ball
2-0: Ball
3-0: Called Strike
3-1: Fly out, F9 (Flyball, 9LDF, EV 106.9 MPH)
Top of the 6th over - 1 run, 2 hits, 0 errors, 2 left on base; London 3 - Southern Maryland 1
BOTTOM OF THE 6TH
Southern Maryland Blue Crabs batting - Pitching for London Majors : LHP Zhu Chai
Batting: RHB Eddie Morin 0-0: Bunt missed!
0-1: Foul Ball, location: 2F
0-2: Ball
1-2: Strikes out swinging
Batting: RHB Pedro Luera 0-0: Ball
1-0: Ball
2-0: Ball
3-0: Base on Balls
Batting: LHB Sam Hontz 0-0: Ball
1-0: Ball
2-0: Ball
Pedro Luera is caught stealing 2nd base 2-6
3-0: Called Strike
3-1: SINGLE (Line Drive, 7S, EV 95.0 MPH)
Batting: LHB Stu Proulx 0-0: Called Strike
0-1: Ball
Sam Hontz is caught stealing 2nd base 2-6
Bottom of the 6th over - 0 runs, 1 hit, 0 errors, 0 left on base; London 3 - Southern Maryland 1
TOP OF THE 7TH
London Majors batting - Pitching for Southern Maryland Blue Crabs : RHP Lorenz Sponneck
Pinch Hitting: RHB Carlos Bravo 0-0: Ball
1-0: Ground out 5-3 (Groundball, 56, EV 90.0 MPH)
Batting: RHB Frank Pinksen 0-0: Ball
1-0: Ball
2-0: Ball
3-0: Called Strike
3-1: Ground out 5-3 (Groundball, 56, EV 90.0 MPH)
Pinch Hitting: SHB Mike Fermin 0-0: Called Strike
0-1: Ball
1-1: Foul Ball, location: 2F
1-2: Ball
2-2: Foul Ball, location: 2F
2-2: Ball
3-2: SINGLE (Groundball, 34S, EV 95.0 MPH)
Batting: SHB Steve Ramsey 0-0: Foul Ball, location: 2F
0-1: Swinging Strike
0-2: Fly out, F8 (Flyball, 8LS, EV 85.6 MPH)
Top of the 7th over - 0 runs, 1 hit, 0 errors, 1 left on base; London 3 - Southern Maryland 1
BOTTOM OF THE 7TH
Southern Maryland Blue Crabs batting - Pitching for London Majors : LHP Zhu Chai
Now at 3B: Manny Corral
Now at SS: Hanley Hernandez
Now in LF: Carlos Bravo
Batting: LHB Stu Proulx 0-0: Called Strike
0-1: Ground out U3 (Groundball, 34, EV 109.4 MPH)
Batting: SHB John Hiles 0-0: SINGLE (Groundball, 6D, EV 95.0 MPH)
Batting: RHB Oscar Chapa 0-0: SINGLE (Line Drive, 89S, EV 91.9 MPH)
John Hiles to second
Pinch Hitting: RHB Adam Beal 0-0: Ball
1-0: Ball
2-0: Called Strike
2-1: Foul Ball, location: 2F
2-2: Fly out, F7 (Line Drive, 7, EV 88.8 MPH)
Batting: RHB Mike King 0-0: Swinging Strike
0-1: Foul Ball, location: 2F
0-2: Ball
1-2: Strikes out swinging
Bottom of the 7th over - 0 runs, 2 hits, 0 errors, 2 left on base; London 3 - Southern Maryland 1
TOP OF THE 8TH
London Majors batting - Pitching for Southern Maryland Blue Crabs : RHP Lorenz Sponneck
Now in CF: Jeff Parlo
Batting: LHB Jessie Stewart 0-0: Called Strike
0-1: SOLO HOME RUN (Line Drive, 89XD, EV 103.1 MPH), Distance : 430 ft
Batting: SHB Toby Patenaude 0-0: Called Strike
0-1: Ball
1-1: Ball
2-1: Ball
3-1: Called Strike
3-2: Foul Ball, location: 2F
3-2: Base on Balls
Batting: RHB Cedric Nicholls 0-0: Called Strike
0-1: Called Strike
0-2: Ball
1-2: Foul Ball, location: 2F
1-2: Ball
2-2: Foul Ball, location: 2F
2-2: Foul Ball, location: 2F
2-2: Strikes out swinging
Pinch Hitting: RHB Carlos Murillo 0-0: Ball
Toby Patenaude is caught stealing 2nd base 2-4
1-0: Called Strike
1-1: Called Strike
1-2: Ball
2-2: Ground out U3 (Groundball, 34, EV 88.1 MPH)
Top of the 8th over - 1 run, 1 hit, 0 errors, 0 left on base; London 4 - Southern Maryland 1
BOTTOM OF THE 8TH
Southern Maryland Blue Crabs batting - Pitching for London Majors : LHP Zhu Chai
Pitching: RHP Chris Mansfield
Now at 1B: Joy-shan Li
Batting: RHB Matt Wallace 0-0: Ball
1-0: Swinging Strike
1-1: Foul Ball, location: 2F
1-2: Ball
2-2: Ball
3-2: Strikes out swinging
Batting: RHB Eddie Morin 0-0: Foul Ball, location: 2F
0-1: Ball
1-1: Ball
2-1: Swinging Strike
2-2: Strikes out looking
Batting: RHB Pedro Luera 0-0: Ball
1-0: Ball
2-0: Foul Ball, location: 2F
2-1: Ball
3-1: Foul Ball, location: 2F
3-2: Foul Ball, location: 2F
3-2: SINGLE (Groundball, 6MD, EV 100.0 MPH)
Batting: LHB Sam Hontz 0-0: DOUBLE (Flyball, 8LXD, EV 92.5 MPH)
Pedro Luera to third
Batting: LHB Stu Proulx 0-0: Ball
1-0: Ball
2-0: Called Strike
2-1: Called Strike
2-2: Ball
3-2: Base on Balls
Batting: SHB John Hiles 0-0: Swinging Strike
0-1: Called Strike
0-2: Strikes out swinging
Bottom of the 8th over - 0 runs, 2 hits, 0 errors, 3 left on base; London 4 - Southern Maryland 1
TOP OF THE 9TH
London Majors batting - Pitching for Southern Maryland Blue Crabs : RHP Lorenz Sponneck
Batting: RHB Manny Corral 0-0: Ball
1-0: Ball
2-0: Ball
3-0: Called Strike
3-1: Foul Ball, location: 2F
3-2: SINGLE (Groundball, 56D, EV 102.5 MPH)
Batting: RHB Carlos Bravo 0-0: Ball
1-0: Ball
2-0: Ball
3-0: Called Strike
3-1: Sac Bunt to 15 - play at first, batter OUT! 1-3
Manny Corral to second
Pitching: RHP Safe-eldin Enobakhare
Batting: RHB Frank Pinksen 0-0: Swinging Strike
0-1: Ball
1-1: Ball
2-1: Swinging Strike
2-2: Strikes out swinging
Pinch Hitting: RHB Chad Colyer 0-0: Ball
1-0: Ball
2-0: Swinging Strike
2-1: Fly out, F8 (Line Drive, 78M, EV 88.1 MPH)
Top of the 9th over - 0 runs, 1 hit, 0 errors, 1 left on base; London 4 - Southern Maryland 1
BOTTOM OF THE 9TH
Southern Maryland Blue Crabs batting - Pitching for London Majors : RHP Chris Mansfield
Pitching: LHP Jim Sabin
Now at 2B: Mike Vaughan
Now at SS: Toby Patenaude
Batting: RHB Oscar Chapa 0-0: Called Strike
0-1: Foul Ball, location: 2F
0-2: SINGLE (Line Drive, 8RS, EV 103.1 MPH)
Batting: RHB Jeff Parlo 0-0: Foul Ball, location: 2F
0-1: Ball
1-1: SINGLE (Groundball, 56D, EV 95.0 MPH)
Oscar Chapa to second
Pinch Hitting: RHB Sam Parra 0-0: Swinging Strike
0-1: Swinging Strike
0-2: Strikes out swinging
Batting: RHB Matt Wallace 0-0: Ball
1-0: Fly out, F8 (Line Drive, 8RM, EV 96.9 MPH)
Batting: RHB Eddie Morin 0-0: Foul Ball, location: 2F
0-1: Ball
1-1: Foul Ball, location: 2F
1-2: Ball
2-2: Strikes out swinging
Bottom of the 9th over - 0 runs, 2 hits, 0 errors, 2 left on base; London 4 - Southern Maryland 1
Tuesday, March 28th , 2023 - OOTP Baseball 23.10 Build 110